 Dungeon Crawl Stone Soup version 0.29.1-15-g9cfb28693d (webtiles) character file.

Game seed: 13237465002223149003

7 Hugehornet the Cudgeller (level 2, 16/23 HPs)
             Began as a Gnoll Wanderer on Mar 19, 2023.
             Quit the game on level 1 of the Dungeon.
             The game lasted 00:00:56 (108 turns).

Hugehornet the Cudgeller (Gnoll Wanderer)            Turns: 108, Time: 00:00:56

Health: 16/23      AC:  3    Str: 14    XL:     2   Next: 0%
Magic:  0/7        EV: 11    Int: 10    God:
Gold:   0          SH:  0    Dex:  9    Spells: 9/10 levels left

rFire   . . .      SeeInvis .   a - +1 flail
rCold   . . .      Faith    .   (no shield)
rNeg    . . .      Spirit   .   c - +0 leather armour
rPois   .          Reflect  .   (no helmet)
rElec   .          Harm     .   (no cloak)
rCorr   .          Rampage  .   (no gloves)
Will    .....                   (no boots)
Stlth   +.........              (no amulet)
HPRegen 0.07/turn               (no ring)
MPRegen 0.10/turn               (no ring)

@: no status effects
A: fangs 1, strong nose, distributed training
a: no special abilities


You were on level 1 of the Dungeon.
You visited 1 branch of the dungeon, and saw 1 of its levels.

Inventory:

Hand Weapons
 a - a +1 flail (weapon)
Armour
 c - a +0 leather armour (worn)
Scrolls
 b - a scroll of blinking


   Skills:
 + Level 2.4 Fighting
 + Level 0.2 Short Blades
 + Level 0.2 Long Blades
 + Level 0.2 Axes
 + Level 6.4 Maces & Flails
 + Level 0.2 Polearms
 + Level 0.2 Staves
 + Level 0.2 Ranged Weapons
 + Level 0.2 Throwing
 + Level 0.2 Armour
 + Level 0.2 Dodging
 + Level 2.2 Stealth
 + Level 0.2 Shields
 + Level 0.2 Unarmed Combat
 + Level 4.9 Spellcasting
 + Level 0.1 Conjurations
 + Level 0.1 Hexes
 + Level 0.1 Summonings
 + Level 5.3 Necromancy
 + Level 0.1 Translocations
 + Level 0.1 Transmutations
 + Level 0.1 Fire Magic
 + Level 0.1 Ice Magic
 + Level 0.1 Air Magic
 + Level 0.1 Earth Magic
 + Level 0.1 Poison Magic
 + Level 0.3 Invocations
 + Level 0.2 Evocations


You had 9 spell levels left.
You knew the following spells:

 Your Spells              Type           Power      Damage    Failure   Level
a - Necrotise             Necr           52%        1d6       3%          1

Your spell library contained the following spells:

 Spells                   Type           Power      Damage    Failure   Level
 Vampiric Draining        Necr           13%        2d6       10%         3


Dungeon Overview and Level Annotations

Branches:
Dungeon (1/15)

Altars:


Innate Abilities, Weirdness & Mutations

You have very sharp teeth.
Your uncanny sense of smell can sniff out nearby items.
Your experience applies equally to all skills.


Message History

Confirm with . or Enter, or press ? or * to list all spells.
Aiming: Necrotise (safe; 3% risk of failure)
Press: ? - help, Shift-Dir - straight line, f - ball python
Aim: a ball python (ally target, chance to affect: 83%)
The ball python writhes in agony.
The ball python bites you. The ball python closely misses you.
The ball python bites you. The ball python closely misses you.
Your ball python skeleton barely misses the ball python. x2
Casting: Necrotise (safe; 3% risk of failure)
Confirm with . or Enter, or press ? or * to list all spells.
Aiming: Necrotise (safe; 3% risk of failure)
Press: ? - help, Shift-Dir - straight line, f/p - ball python
Aim: a ball python (severely wounded, ally target, chance to affect: 83%)
The ball python writhes in agony.
You kill the ball python!
Your ball python skeleton crumbles into dust!
Your ball python skeleton closely misses the hobgoblin.
Your ball python skeleton completely misses the hobgoblin.
Casting: Necrotise (safe; 3% risk of failure)
Confirm with . or Enter, or press ? or * to list all spells.
Aiming: Necrotise (safe; 3% risk of failure)
Press: ? - help, Shift-Dir - straight line, f - hobgoblin
Aim: a hobgoblin (ally target, chance to affect: 83%)
The hobgoblin writhes in agony.
The hobgoblin barely misses you.
Your ball python skeleton misses the hobgoblin.
Your ball python skeleton barely misses the hobgoblin.
Casting: Necrotise (safe; 3% risk of failure)
Confirm with . or Enter, or press ? or * to list all spells.
You don't have enough magic to cast this spell.
Unknown command.
You barely miss the hobgoblin.
The hobgoblin is severely wounded.
The hobgoblin hits you.
Your ball python skeleton closely misses the hobgoblin.
Your ball python skeleton grabs the hobgoblin.
Your ball python skeleton constricts the hobgoblin.
You hit the hobgoblin.
You kill the hobgoblin!
You have reached level 2!
Are you sure you want to abandon this character and quit the game? (Confirm with "yes".)

#..<..#
##.........#
#.....# ∆
##..........#
####### ∆
#.....#.#...#
#...(..>....#
#.....#.#...#
#.#........##
#.#.##.#....)...#
.........########
##..##@##
......ZZ.#
.........#
.........#
.....!...#
#...#.#### ...##.
(## #[


You could see 2 friendly ball python skeletons.

Vanquished Creatures
  3 ball pythons (D:1)
  A bat (D:1)
  A goblin (D:1)
  A hobgoblin (D:1)
6 creatures vanquished.

Notes
Turn   | Place    | Note
-------+----------+-------------------------------------------
     0 | D:1      | Hugehornet the Gnoll Wanderer began the quest for the Orb.
     0 | D:1      | Hugehornet set off with the following items: a +1 flail, a
                  | scroll of blinking, a +0 leather armour; and the following
                  | spell memorised: Necrotise; and the following spells
                  | available to memorise: Vampiric Draining.
     0 | D:1      | Reached XP level 1. HP: 17/17 MP: 6/6
   108 | D:1      | Reached XP level 2. HP: 16/23 MP: 0/7
   108 | D:1      | Quit the game

Illustrated notes

Levels and vault maps discovered:
D:1:      dpeg_arrival_rooms_b, layout_rooms,
          hellmonk_ecumenical_altar_defaced_shrine, st_stairs_14

Action                   || total
-------------------------++-------
Melee: Flail             ||     2
 Cast: Necrotise         ||    11
Armor: Leather armour    ||     1
Dodge: Dodged            ||     4
